 Dungeon Crawl Stone Soup version 0.29.0-4-gdea44cf6ec (webtiles) character file.

Game seed: 2844221863485092547

122 qw the Chopper (level 5, 0/30 HPs)
             Began as a Tengu Warper on Aug 28, 2022.
             Slain by Grinder (1 damage)
             ... while paralysed by Grinder
             ... on level 4 of the Dungeon.
             The game lasted 00:00:17 (2974 turns).

qw the Chopper (Tengu Warper)                       Turns: 2974, Time: 00:00:18

Health: 0/30       AC: 10    Str: 13    XL:     5   Next: 6%
Magic:  9/9        EV:  2    Int: 13    God:
Gold:   153        SH:  0    Dex: 14    Spells: 8/8 levels left

rFire   . . .      SeeInvis .   Y - +0 hand axe
rCold   . . .      Faith    .   a - +0 tower shield
rNeg    . . .      Spirit   .   j - +0 plate armour
rPois   .          Reflect  .   (helmet restricted)
rElec   .          Harm     .   (no cloak)
rCorr   .          Rampage  .   (no gloves)
Will    .....                   (boots unavailable)
Stlth   ..........              (no amulet)
HPRegen 0.10/turn               (no ring)
MPRegen 0.11/turn               (no ring)

@: paralysed, flying quickly and evasively, quick
A: beak, talons 3, nimble flight
a: no special abilities


You were on level 4 of the Dungeon.
You visited 1 branch of the dungeon, and saw 4 of its levels.

You collected 153 gold pieces.


Innate Abilities, Weirdness & Mutations

You have a beak for a mouth.
You have claws for feet.
Your magical nature lets you fly swiftly and evasively.


   Skills:
 - Level 2.0 Fighting
 - Level 4.7 Axes
 - Level 1.0 Throwing
 - Level 2.0 Armour
 - Level 2.1 Dodging
 + Level 1.7 Shields
 - Level 2.0 Spellcasting
 - Level 2.4 Translocations


You had 8 spell levels left.
You didn't know any spells.
Your spell library contained the following spells:

 Spells                   Type           Power      Damage    Failure   Level
 Blink                    Tloc           14%        N/A       100%        2
 Gell's Gravitas          Tloc           7%         N/A       100%        3
 Lesser Beckoning         Tloc           7%         N/A       100%        3
 Teleport Other           Tloc           7%         N/A       100%        3
 Manifold Assault         Tloc           7%         N/A       100%        5

Inventory:

Hand Weapons
 b - a +0 flail
 Y - a +0 hand axe (weapon)
Armour
 a - a +0 tower shield (worn)
 j - a +0 plate armour (worn)
Potions
 c - a potion of attraction {unknown}
 d - a potion of magic {unknown}
 f - 2 potions of curing
 h - a potion of mutation {unknown}

Dungeon Overview and Level Annotations

Branches:
Dungeon (4/15)
 Temple: D:4-7

Altars:

Shops:
D:2 =

Annotations:
D:4 Grinder


Message History

A kobold comes into view. It is wielding a +0 short sword.
Found a club.
The kobold shouts!
Enter note: You hit the kobold.
You claw the kobold.
You kill the kobold!
Grinder comes into view.
Grinder shouts!
2957 ||| Stepping ~*~*~tactically~*~*~ (hiding).
You start waiting.
Grinder is nearby!
You hit Grinder but do no damage. Grinder gestures at you.
Pain shoots through your body! Grinder hits you.
You hit Grinder. Your kick misses Grinder.
Grinder is lightly wounded.
You block Grinder's attack.
You hit Grinder.
Grinder is moderately wounded.
You block Grinder's attack. Grinder hits you.
You writhe in agony.
You hit Grinder. Your kick misses Grinder.
Grinder is moderately wounded.
Grinder hits you.
You writhe in agony.
You barely miss Grinder.
Grinder is moderately wounded.
Grinder blinks!
Grinder gestures at you.
You suddenly lose the ability to move!
Grinder gestures at you. You resist with significant effort.
You can move again.
Grinder hits you but does no damage.
You barely miss Grinder. Your kick misses Grinder.
Grinder is moderately wounded.
Grinder hits you but does no damage. Grinder gestures at you.
You suddenly lose the ability to move!
Grinder barely misses you. Grinder hits you.
You writhe in agony.
You die...

######### ####
##.......# #..## .
##........## #....
#5## #..........#
#.... #..#
#.........# #....
#..##.........# #....
..#........#
#####.... #.#...@5.#
###..##..#. #....).##
##....##.... ##..).##
##......#....
##..#####...........#
###..##...........##
##..............#
##..>.........##
#.............##
#..............#


You could see Grinder.

Vanquished Creatures
  5 adders
  A worm (D:3)
  2 dart slugs (D:2)
  2 endoplasms
  4 giant cockroaches
  2 hobgoblins
  2 jackals (D:2)
  8 kobolds
  5 quokkas
  9 ball pythons
  13 bats
  3 frilled lizards
  8 goblins
  2 rats (D:2)
66 creatures vanquished.

Vanquished Creatures (others)
  9 plants (D:1)
9 creatures vanquished.

Grand Total: 75 creatures vanquished

Notes
Turn   | Place    | Note
-------+----------+-------------------------------------------
     0 | D:1      | qw the Tengu Warper began the quest for the Orb.
     0 | D:1      | Reached XP level 1. HP: 12/12 MP: 4/4
     0 | D:1      | 0 ||| qw: Version: 0.1-a-89-g26bdef1
     0 | D:1      | 0 ||| qw: Game counter: 413
     0 | D:1      | 0 ||| qw: Always use a shield: true
     0 | D:1      | 0 ||| qw: God list: Okawaru
     0 | D:1      | 0 ||| qw: Allow faded altars: false
     0 | D:1      | 0 ||| qw: Do Orc after D:15 true
     0 | D:1      | 0 ||| qw: Do second Lair branch before Depths: true
     0 | D:1      | 0 ||| qw: Lair rune preference: random
     0 | D:1      | 0 ||| qw: Plans: Normal
     0 | D:1      | 0 ||| PLANNING D:1-11
   322 | D:1      | 322 ||| Stepping ~*~*~tactically~*~*~ (stealth).
   323 | D:1      | 323 ||| Stepping ~*~*~tactically~*~*~ (stealth).
   324 | D:1      | 324 ||| Stepping ~*~*~tactically~*~*~ (stealth).
   328 | D:1      | Reached XP level 2. HP: 17/17 MP: 6/6
   372 | D:1      | Reached skill level 3 in Axes
   643 | D:1      | 643 ||| DROPPING +0 club.
   690 | D:1      | 690 ||| Stepping ~*~*~tactically~*~*~ (water).
   856 | D:1      | 856 ||| Stepping ~*~*~tactically~*~*~ (stealth).
   862 | D:1      | Reached XP level 3. HP: 21/21 MP: 7/7
  1032 | D:1      | 1032 ||| UPGRADING to +0 plate armour.
  1042 | D:1      | 1042 ||| DROPPING +0 leather armour.
  1043 | D:1      | 1043 ||| READING scroll labelled OCEDOO JICRAB.
  1044 | D:1      | 1044 ||| READING scroll labelled ZOUBLO QAQU.
  1045 | D:1      | 1045 ||| READING scroll labelled ADWURA ARIS.
  1046 | D:1      | 1046 ||| DRINKING 2 golden potions.
  1147 | D:1      | 1147 ||| DROPPING scroll of blinking.
  1148 | D:1      | 1148 ||| DROPPING potion of ambrosia.
  1220 | D:2      | Reached skill level 4 in Axes
  1226 | D:2      | HP: 5/21 [poisoned by an adder]
  1543 | D:2      | 1543 ||| Stepping ~*~*~tactically~*~*~ (stealth).
  1551 | D:2      | 1551 ||| Stepping ~*~*~tactically~*~*~ (stealth).
  1558 | D:2      | Reached XP level 4. HP: 21/26 MP: 8/8
  1634 | D:2      | 1634 ||| Stepping ~*~*~tactically~*~*~ (stealth).
  1635 | D:2      | 1635 ||| Stepping ~*~*~tactically~*~*~ (stealth).
  1636 | D:2      | 1636 ||| Stepping ~*~*~tactically~*~*~ (stealth).
  1640 | D:2      | 1640 ||| Stepping ~*~*~tactically~*~*~ (stealth).
  1664 | D:2      | 1664 ||| Stepping ~*~*~tactically~*~*~ (stealth).
  1705 | D:2      | 1705 ||| Stepping ~*~*~tactically~*~*~ (stealth).
  1708 | D:2      | 1708 ||| Stepping ~*~*~tactically~*~*~ (stealth).
  1710 | D:2      | 1710 ||| Stepping ~*~*~tactically~*~*~ (stealth).
  1713 | D:2      | 1713 ||| Stepping ~*~*~tactically~*~*~ (stealth).
  1738 | D:2      | Found Itoott's Jewellery Emporium.
  1747 | D:2      | 1747 ||| SHOPLISTING +6 ring of strength (468 gold, have
                  | 65).
  1747 | D:2      | 1747 ||| SHOPLISTING amulet of regeneration (390 gold, have
                  | 65).
  1747 | D:2      | 1747 ||| SHOPLISTING amulet of the acrobat (390 gold, have
                  | 65).
  1747 | D:2      | 1747 ||| SHOPLISTING ring of fire (325 gold, have 65).
  1747 | D:2      | 1747 ||| SHOPLISTING ring of poison resistance (260 gold,
                  | have 65).
  1747 | D:2      | 1747 ||| SHOPLISTING ring of see invisible (195 gold, have
                  | 65).
  1775 | D:2      | Found a faded altar of an unknown god.
  1895 | D:2      | 1895 ||| DROPPING +0 whip.
  2108 | D:2      | 2108 ||| Stepping ~*~*~tactically~*~*~ (hiding).
  2450 | D:2      | 2450 ||| UPGRADING to +0 tower shield.
  2661 | D:3      | Reached skill level 1 in Shields
  2753 | D:3      | Gained mutation: Your magical nature lets you fly swiftly
                  | and evasively. [Tengu growth]
  2753 | D:3      | Reached XP level 5. HP: 29/30 MP: 9/9
  2855 | D:3      | 2855 ||| READING scroll labelled BARYDO ZOFYVEAG.
  2856 | D:3      | 2856 ||| DRINKING 3 murky grey potions.
  2956 | D:4      | Noticed Grinder
  2957 | D:4      | 2957 ||| Stepping ~*~*~tactically~*~*~ (hiding).
  2965 | D:4      | HP: 7/30 [Grinder (6)]
  2967 | D:4      | Paralysed by Grinder for 2 turns
  2972 | D:4      | Paralysed by Grinder for 4 turns
  2974 | D:4      | HP: 1/30 [Grinder (5)]
  2974 | D:4      | Slain by Grinder

Levels and vault maps discovered:
D:1:      psy_arrival_fountain, layout_basic, kennysheep_doodads,
          minmay_misc_feat_pillars, serial_bayou_lagoon_a
D:2:      minmay_alternating_diamond, layout_basic,
          ebering_ecumenical_altar_rust, serial_shops, shop, grunt_ministairs_4
D:3:      layout_basic
D:4:      layout_cave_pods, gammafunk_ghost_cemetery, minmay_crystal_water,
          uniq_ijyb, uniq_grinder, uniq_robin, uniq_pikel

Skill      XL: |  1  2  3  4 |
---------------+-------------+-----
Axes           | 3 4 |  4.7
Armour         | 2 |  2.0
Shields        | 1 |  1.7
Fighting       | |  2.0
Throwing       | |  1.0
Dodging        | |  2.1
Spellcasting   | |  2.0
Translocations | |  2.4

Action                   |  1- 3 |  4- 6 || total
-------------------------+-------+-------++-------
Melee: Hand axe          |    62 |    81 ||   143
       Kick              |     8 |    15 ||    23
       Peck              |     4 |     8 ||    12
       Punch             |     1 |       ||     1
Throw: Boomerang         |     7 |       ||     7
       Javelin           |    11 |     5 ||    16
  Use: Scroll            |     3 |     1 ||     4
       Potion            |     1 |     1 ||     2
Armor: Leather armour    |     8 |       ||     8
       Plate armour      |    39 |    52 ||    91
Dodge: Dodged            |    17 |     5 ||    22
Block: Tower shield      |       |    23 ||    23

Table legend:
 A = Non-vault XP
 B = Vault XP
 C = Vault XP percentage of total XP
 D = Non-vault monster count
 E = Vault monster count
 F = Vault count percentage of total count
                 A         B        C        D         E       F
            +---------+---------+-------+---------+---------+-------
      Total |     141 |      34 |  19.4 |      61 |       5 |   7.6
            +---------+---------+-------+---------+---------+-------
        D:1 |      38 |       0 |   0.0 |      23 |       0 |   0.0
        D:2 |      55 |      34 |  38.2 |      25 |       5 |  16.7
        D:3 |      44 |       0 |   0.0 |      11 |       0 |   0.0
        D:4 |       4 |       0 |   0.0 |       2 |       0 |   0.0
            +---------+---------+-------+---------+---------+-------
